Map: Одиссея РВ

Players

Murena

  • Race: Terran Terran
  • Spawn Location: 11:00

ИИ 1 (эксперт) - Winner!

  • Race: Protoss Protoss
  • Spawn Location: 5:00

VOD

Have the link to the VOD?

Description

Time

  • Played on: April 15, 2019, 2:22 p.m.
  • Length: 5:46
Show
View Real Time Build Order
Export as new Build Order

Murena Terran 

Build Orders:  

Get SALT Encoding   

  12  0:01  SCV  
  13  0:13  SCV  
  14  0:20  Supply Depot  
  14  0:26  SCV  
  15  0:42  SCV  
  16  0:43  Barracks  
  16  0:46  Refinery  
  16  0:55  SCV  
  17  1:03  Barracks  
  17  1:08  SCV  
  18  1:21  Barracks  
  18  1:22  SCV  
  19  1:29  Marine  
  20  1:37  Supply Depot  
  20  1:39  SCV  
  21  1:48  Marine  
  21  1:51  Marine  
  23  1:59  Orbital Command  
  23  2:06  Barracks Tech Lab  
  23  2:08  Marine  
  23  2:10  Barracks Tech Lab  
  24  2:25  SCV  
  24  2:27  Marauder  
  27  2:31  Supply Depot  
  27  2:33  Marauder  
  29  2:40  Concussive Shells  
  29  2:43  Combat Shield  
  29  2:47  Marine  
  29  2:50  SCV  
  31  2:54  Marauder  
  33  3:01  Marauder  
  33  3:02  Refinery  
  35  3:08  Supply Depot, Marine  
  36  3:16  Marauder  
  38  3:27  Supply Depot, Barracks Reactor  
  38  3:29  SCV  
  38  3:33  Marauder  
  41  3:38  Marauder  
  43  3:43  SCV  
  44  3:50  Engineering Bay  
  46  3:55  Marauder  
  46  4:00  Marauder  
  48  4:04  Marine  
  48  4:05  Supply Depot  
  48  4:06  Marine  
  50  4:13  SCV  
  51  4:17  Marauder  
  51  4:22  Marauder  
Show
View Real Time Build Order
Export as new Build Order

ИИ 1 (эксперт) Protoss - Winner!

Build Orders: 1 Gate Expand 

Get SALT Encoding   

  12  0:00  Probe  
  13  0:13  Probe  
  14  0:20  Pylon  
  14  0:25  Probe  
  15  0:34  Probe  
  15  0:42  Probe  
  17  0:50  Gateway  
  17  0:52  Probe  
  18  1:00  Probe  
  18  1:08  Probe  
  18  1:11  Assimilator  
  19  1:15  Pylon  
  20  1:18  Probe  
  21  1:35  Nexus  
  21  1:42  Cybernetics Core  
  21  1:46  Zealot  
  23  2:01  Gateway  
  23  2:03  Probe  
  24  2:14  Warp Gate, Pylon  
  24  2:15  Probe  
  25  2:16  Zealot  
  27  2:27  Probe  
  28  2:35  Assimilator  
  28  2:37  Probe  
  28  2:43  Adept  
  31  2:45  Probe  
  31  2:49  Adept  
  34  2:54  Probe  
  35  3:02  Probe  
  35  3:04  Pylon  
  36  3:13  Adept  
  40  3:20  Sentry  
  40  3:21  Probe  
  40  3:23  Probe  
  42  3:33  Probe  
  43  3:35  Probe  
  43  3:37  Robotics Facility  
  44  3:43  Stalker  
  44  3:45  Probe, Adept  
  44  3:48  Probe  
  50  3:57  Probe  
  50  4:00  Probe  
  52  4:03  Pylon  
  52  4:09  Probe  
  53  4:12  Probe  
  54  4:21  Probe, Adept  
  54  4:23  Stalker  
  59  4:24  Probe, Immortal  
  59  4:30  Pylon  
  64  4:33  Probe  
  64  4:36  Probe  
  66  4:40  Stalker  
  66  4:45  Robotics Facility, Probe  
  69  4:46  Probe  
  69  4:48  Stalker  
  72  4:55  Probe  
  72  4:57  Probe  
  74  5:04  Immortal  
  74  5:05  Pylon  
  74  5:07  Adept  
  74  5:11  Adept  
  62  5:27  Adept, Zealot  
  64  5:30  Assimilator  
  64  5:34  Gateway  
  64  5:35  Assimilator  
  60  5:42  Adept  
Tags
 
Add a new tag
Caveats
  • Supply blocks, unpowered buildings, or Contaminate may cause inaccurate times.
  • Supply counts are checked every 10 seconds.